 Dungeon Crawl Stone Soup version 0.31-a0-216-g22e908daa7 (webtiles) character file.

Game seed: 13027483699707014987

194 qw the Shooter (level 5, -7/45 HPs)
             Began as a Minotaur Hexslinger on July 2, 2023.
             Was an Initiate of Okawaru.
             Mangled by an orc
             ... wielding a +3 flail of protection
              (8 damage)
             ... on level 5 of the Dungeon.
             The game lasted 00:00:52 (2878 turns).

qw the Shooter (Minotaur Hexslinger)                Turns: 2878, Time: 00:00:53

Health: -7/45      AC:  5    Str: 13    XL:     5   Next: 44%
Magic:  5/5        EV: 11    Int: 10    God:    Okawaru [......]
Gold:   230        SH:  0    Dex: 14    Spells: 5/6 levels left

rFire   . . .        Y - +3 sling
rCold   . . .        (no shield)
rNeg    . . .        c - +0 ring mail
rPois   .            (helmet restricted)
rElec   .            (no cloak)
rCorr   .            (no gloves)
SInv    .            (no boots)
Will    .....        (no amulet)
Stlth   +            (no ring)
HPRegen 0.27/turn    (no ring)
MPRegen 0.09/turn

%: no passive effects
@: no status effects
A: horns 2, retaliatory headbutt
a: Renounce Religion


You were on level 5 of the Dungeon.
You worshipped Okawaru.
Okawaru was noncommittal.
You visited 1 branch of the dungeon, and saw 5 of its levels.

You collected 326 gold pieces.
You spent 96 gold pieces at shops.


Innate Abilities, Weirdness & Mutations

You have a pair of horns on your head.
You reflexively headbutt those who attack you in melee.


   Skills:
 - Level 3.0 Fighting
 + Level 5.5 Ranged Weapons
 - Level 1.3 Armour
 - Level 2.1 Dodging
 - Level 1.0 Spellcasting
 - Level 2.0 Hexes


You had 5 spell levels left.
You knew the following spells:

 Your Spells              Type           Power      Damage    Failure   Level
a - Slow                  Hex            16%        N/A       32%         1

Your spell library contained the following spells:

 Spells                   Type           Power      Damage    Failure   Level
 Inner Flame              Hex/Fire       2%         N/A       82%         3
 Portal Projectile        Hex/Tloc       4%         N/A       82%         3
 Cause Fear               Hex            2%         N/A       97%         4

Inventory:

Hand Weapons
 Y - a +3 sling (weapon)
Armour
 a - a +0 pair of gloves
 c - a +0 ring mail (worn)
 i - a +0 pair of boots
Potions
 b - a potion of heal wounds {unknown}
 d - a potion of invisibility {unknown}
 f - a potion of enlightenment
 g - a potion of brilliance {unknown}
 h - a potion of cancellation
 j - a potion of mutation {unknown}
 n - a potion of magic {unknown}
 o - a potion of haste {unknown}

Dungeon Overview and Level Annotations

Branches:
Dungeon (5/15)
 Temple: D:4-7

Altars:
Gozag
Hepliaklqana
Nemelex Xobeh
Okawaru
Ru

Shops:
D:2 !


Message History

You kill the adder!
Okawaru accepts your kill.
You shoot a sling bullet. The sling bullet hits the orc.
The orc is lightly wounded.
The orc closely misses you. The orc misses you. You furiously retaliate!
You headbutt the orc!
You kill the orc!
Okawaru accepts your kill. The orc closely misses you. You furiously retaliate!
You headbutt the orc. The orc barely misses you. You furiously retaliate!
You headbutt the orc!
You kill the orc!
Okawaru accepts your kill. The orc barely misses you.
Your Fighting skill increases to level 3!
You shoot a sling bullet. The sling bullet hits the orc.
The orc is almost dead.
The orc hits you but does no damage. The orc closely misses you.
You furiously retaliate!
You headbutt the orc.
You kill the orc!
Okawaru accepts your kill.
You shoot a sling bullet. The sling bullet barely misses the orc.
The orc closely misses you.
You shoot a sling bullet. The sling bullet barely misses the orc.
You shoot a sling bullet. The sling bullet hits the orc.
You kill the orc!
Okawaru accepts your kill.
The orc hits you with a +3 flail of protection.
The orc hits you with a +3 flail of protection!
You shoot a sling bullet.
The sling bullet closely misses the orc.
The orc hits you with a +3 flail of protection!
You shoot a sling bullet. The sling bullet barely misses the orc.
The orc barely misses you.
You shoot a sling bullet.
The sling bullet closely misses the orc.
The orc hits you with a +3 flail of protection.
You shoot a sling bullet.
The sling bullet hits the orc but does no damage.
The orc hits you with a +3 flail of protection!
You die...

.#########
.........#
......)#%########.
......o@).........
.....#)#<.#.......
... ...##.#.####..
. ...## #.#.#
..... ....# ....
...... ... #......
... ........
.##+###+#.


You could see an orc.

Vanquished Creatures
  A howler monkey (D:5)
  An orc wizard (D:5)
  4 adders
  A gnoll (D:1)
  2 worms (D:3)
  14 orcs
  8 ball pythons
  4 bats
  4 endoplasms
  A giant cockroach (D:4)
  4 goblins
  4 hobgoblins
  3 jackals (D:1)
  3 quokkas
  3 frilled lizards
  6 kobolds
  A rat (D:3)
64 creatures vanquished.

Notes
Turn   | Place    | Note
-------+----------+-------------------------------------------
     0 | D:1      | qw the Minotaur Hexslinger began the quest for the Orb.
     0 | D:1      | Reached XP level 1. HP: 16/16 MP: 1/1
     0 | D:1      | 0 ||| qw: Version: 0.3-a-35-g05ef00e
     0 | D:1      | 0 ||| qw: Game counter: 7838
     0 | D:1      | 0 ||| qw: Melee chars always use a shield: true
     0 | D:1      | 0 ||| qw: God list: Okawaru
     0 | D:1      | 0 ||| qw: Allow faded altars: false
     0 | D:1      | 0 ||| qw: Do Orc after clearing Dungeon:15 true
     0 | D:1      | 0 ||| qw: Do second Lair branch before Depths: true
     0 | D:1      | 0 ||| qw: Lair rune preference: random
     0 | D:1      | 0 ||| qw: Goals: Normal
     0 | D:1      | 0 ||| PLANNING D:1-11
   282 | D:1      | Reached skill level 3 in Ranged Weapons
   282 | D:1      | Reached XP level 2. HP: 23/23 MP: 2/2
   759 | D:1      | Reached XP level 3. HP: 29/29 MP: 3/3
   930 | D:1      | 930 ||| READING scroll labelled WID OT DOAGG.
   931 | D:1      | 931 ||| READING scroll labelled YTOAZA NEKUAMN.
   932 | D:1      | 932 ||| DRINKING 2 red potions.
   933 | D:1      | 933 ||| DROPPING scroll of poison.
  1016 | D:2      | Found July's Distillery.
  1291 | D:2      | 1291 ||| SHOPLISTING 2 potions of haste (240 gold, have
                  | 126).
  1291 | D:2      | 1291 ||| BUYING potion of cancellation (96 gold).
  1291 | D:2      | Bought a potion of cancellation for 96 gold pieces
  1291 | D:2      | 1291 ||| SHOPLISTING potion of haste (120 gold, have 30).
  1291 | D:2      | 1291 ||| SHOPLISTING potion of heal wounds (60 gold, have
                  | 30).
  1404 | D:2      | Reached skill level 4 in Ranged Weapons
  1587 | D:2      | 1587 ||| READING 2 scrolls labelled GUCIDE OMNIMPE.
  1588 | D:2      | 1588 ||| READING scroll of enchant weapon.
  1588 | D:2      | 1588 ||| ENCHANTING +2 sling.
  1589 | D:2      | 1589 ||| DRINKING 2 golden potions.
  1611 | D:3      | 1611 ||| STAIRDANCE
  1751 | D:3      | Reached XP level 4. HP: 36/36 MP: 4/4
  1843 | D:3      | Found an opulent altar of Gozag.
  2019 | D:3      | Found a sacrificial altar of Ru.
  2199 | D:3      | Found a sparkling altar of Nemelex Xobeh.
  2214 | D:3      | 2214 ||| UPGRADING to +0 leather armour.
  2224 | D:3      | 2224 ||| DROPPING +0 robe.
  2312 | D:4      | Found an iron altar of Okawaru.
  2313 | D:4      | 2313 ||| PLANNING OKAWARU WORSHIP
  2313 | D:4      | 2313 ||| UPGRADING to +0 ring mail.
  2323 | D:4      | 2323 ||| DROPPING +0 leather armour.
  2326 | D:4      | Became a worshipper of Warmaster Okawaru
  2327 | D:4      | 2327 ||| PLANNING D:1-11
  2487 | D:4      | Found a hazy altar of Hepliaklqana.
  2506 | D:4      | Reached skill level 1 in Armour
  2797 | D:4      | 2797 ||| READING scroll labelled GALICS QAMU.
  2802 | D:4      | 2802 ||| READING 2 scrolls labelled HEHITOGRES.
  2803 | D:4      | 2803 ||| READING scroll labelled NOENUA OMOULEO.
  2804 | D:4      | 2804 ||| DROPPING scroll of immolation.
  2818 | D:5      | Entered Level 5 of the Dungeon
  2827 | D:5      | 2827 ||| FLEEEEING.
  2828 | D:5      | 2828 ||| STAIRDANCE
  2860 | D:5      | 2860 ||| DRINKING 2 potions of curing.
  2860 | D:5      | 2860 ||| (to cure confusion)
  2862 | D:5      | 2862 ||| DRINKING potion of curing.
  2862 | D:5      | 2862 ||| (to cure confusion)
  2864 | D:5      | Reached skill level 5 in Ranged Weapons
  2864 | D:5      | Reached XP level 5. HP: 32/41 MP: 5/5
  2871 | D:5      | Reached skill level 3 in Fighting
  2874 | D:5      | HP: 10/45 [orc/+3 flail of protection (10)]
  2875 | D:5      | HP: 2/45 [orc/+3 flail of protection (8)]
  2878 | D:5      | Mangled by an orc

Levels and vault maps discovered:
D:1:      tarquinn_simple_flora_water_a, layout_basic
D:2:      layout_loops_ring, serial_shops, shop_statue
D:3:      layout_basic, hangedman_ru_absence,
          nicolae_gozag_cash_rules_everything_around_me,
          nemelex_dance_club_becter, dk_noncrumbling_2, kennysheep_minor_cross
D:4:      layout_basic, kennysheep_mini, nicolae_overflow_crystal_walls
D:5:      layout_basic, grunt_dithmenos_smoke, st_stairs_5

Skill      XL: |  1  2  3  4  5 |
---------------+----------------+-----
Ranged Weapons | 3 4 5 |  5.5
Fighting       | 2 3 |  3.0
Armour         | 1 |  1.3
Dodging        | |  2.1
Spellcasting   | |  1.0
Hexes          | |  2.0

Action                     |  1- 3 |  4- 6 || total
---------------------------+-------+-------++-------
   Fire: Sling             |    84 |    85 ||   169
    Use: Scroll            |     4 |     3 ||     7
         Potion            |     2 |     2 ||     4
 Armour: Robe              |     4 |       ||     4
         Ring mail         |       |    13 ||    13
  Dodge: Dodged            |    20 |    30 ||    50

Table legend:
 A = Non-vault XP
 B = Vault XP
 C = Vault XP percentage of total XP
 D = Non-vault monster count
 E = Vault monster count
 F = Vault count percentage of total count
                 A         B        C        D         E       F
            +---------+---------+-------+---------+---------+-------
      Total |     273 |       5 |   1.8 |      62 |       2 |   3.1
            +---------+---------+-------+---------+---------+-------
        D:1 |      42 |       0 |   0.0 |      17 |       0 |   0.0
        D:2 |      38 |       0 |   0.0 |       9 |       0 |   0.0
        D:3 |      35 |       5 |  12.5 |      14 |       2 |  12.5
        D:4 |      37 |       0 |   0.0 |      13 |       0 |   0.0
        D:5 |     121 |       0 |   0.0 |       9 |       0 |   0.0
            +---------+---------+-------+---------+---------+-------
